 Dungeon Sprint DCSS version 0.31-b1-19-g70c676f13a (webtiles) character file.

Game seed: 12968240126535474055

23064 Groucho the Hermetic (level 12, -1/63 HPs)
             Began as a Spriggan Enchanter on Jan 18, 2024.
             Was the Champion of Dithmenos.
             Slain by the 27-headed Lernaean hydra (7 damage)
             ... in the Dungeon (Sprint II: "The Violet Keep of Menkaure").
             The game lasted 00:24:24 (5944 turns).

Groucho the Hermetic (Spriggan Enchanter)           Turns: 5944, Time: 00:24:25

Health: -1/63      AC: 13    Str:  4    XL:     12   Next: 68%
Magic:  20/26      EV: 22    Int: 21    God:    Dithmenos [******]
Gold:   2701       SH:  0    Dex: 16    Spells: 6/30 levels left

rFire   . . .        F - +8 pair of quick blades "Gyre" and "Gimble" {protect}
rCold   . . .        (shield currently unavailable)
rNeg    . . .        z - +0 troll leather armour
rPois   .            N - +2 hat
rElec   .            i - +0 cloak
rCorr   .            (gloves unavailable)
SInv    +            (boots unavailable)
Will    ++...        (no amulet) Stlth *+++++++++
                     e - ring of flight
HPRegen 1.10/turn    (no ring)
MPRegen 0.20/turn

%: no teleportation
@: under a protective aura, flying, very slightly contaminated, wreathed by
umbra, very quick
A: very small, no large weapons, unfitting armour, see invisible, speed 3
a: Renounce Religion, Shadow Step, Shadow Form


You were in the Dungeon.
You worshipped Dithmenos.
Dithmenos was exalted by your worship.
You visited 1 branch You collected 3595 gold pieces.
You spent 894 gold pieces at shops.

Inventory:

Hand Weapons
 a - a +1 dagger
 F - the +8 pair of quick blades "Gyre" and "Gimble" (weapon) {protect}
   (You found it in the Dungeon)
Armour
 b - a +0 robe
 i - a +0 cloak (worn)
 z - a +0 troll leather armour (worn)
 K - the +10 pearl dragon scales of Vehumet's Hope {rN+ Dex+5}
   (You found it in the Dungeon)

   Dex+5:     It affects your dexterity (+5).
   rN+:       It protects you from negative energy.
 N - a +2 hat (worn)
Magical Staves
 M - a staff of alchemy
Jewellery
 e - a ring of flight (left hand)
 l - a +6 ring of intelligence
 n - a +6 ring of strength
 y - an amulet of magic regeneration
 D - the amulet of Light {rElec rPois Will- Regen+ SInv}
   (You found it in the Dungeon)

   [amulet of regeneration]

   rElec:     It insulates you from electricity.
   rPois:     It protects you from poison Will-: It decreases your willpower.
   SInv:      It lets you see invisible.
   Regen+:    It increases your rate of health regeneration.
 E - the ring "Wommikis" {rF+ rC+}
   (You found it in the Dungeon)

   [ring of protection from fire]

   rF+:       It protects you from fire.
   rC+:       It protects you from cold.
 H - an amulet of magic regeneration
 P - a +6 ring of strength
Wands
 O - a wand of flame (7)
Scrolls
 f - 4 scrolls of identify {unknown}
 j - a scroll of immolation {unknown}
 o - a scroll of fear {unknown}
 p - 2 scrolls of amnesia {unknown}
 s - 4 scrolls of acquirement {unknown}
 u - a scroll of enchant weapon {unknown}
 v - 2 scrolls of vulnerability {unknown}
 x - a scroll of summoning {unknown}
 A - a scroll of revelation {unknown}
Potions
 c - 4 potions of attraction {unknown}
 d - 13 potions of enlightenment {unknown}
 g - 10 potions of magic
 h - a potion of berserk rage
 k - 2 potions of lignification {unknown}
 m - a potion of might {unknown}
 q - 3 potions of resistance {unknown}
 r - a potion of ambrosia {unknown}
 t - a potion of curing
 w - a potion of degeneration {unknown}
 B - a potion of mutation {unknown}
 C - a potion of brilliance {unknown}
 G - 9 potions of haste
 Q - a potion of invisibility
Miscellaneous
 I - a phantom mirror
 J - a tin of tremorstones (2/2)
 L - a lightning rod (4/4)


   Skills:
 + Level 7.5 Fighting
 + Level 10.6 Short Blades
 + Level 2.2 Armour
 + Level 10.8 Dodging
 - Level 15.0 Stealth
 + Level 9.7 Spellcasting
 + Level 10.3 Conjurations
 - Level 14.0 Hexes
 + Level 14.2 Earth Magic
 + Level 16.7 Alchemy


You had 6 spell levels left.
You knew the following spells:

 Your Spells              Type           Power      Damage    Failure   Level
a - Ensorcelled Hibernat  Hex/Ice        78%        N/A       1%          2
b - Confusing Touch       Hex            62%        N/A       1%          3
c - Dazzling Flash        Conj/Hex       100%       N/A       1%          3
d - Sandblast             Erth           100%       2d20      1%          1
e - Stone Arrow           Conj/Erth      100%       3d13      1%          3
f - Petrify               Alch/Erth      66%        N/A       1%          4
g - Irradiate             Conj/Alch      30%        3d21      1%          5
h - Passwall              Erth           63%        N/A       1%          3

Your spell library contained the following spells:

 Spells                   Type           Power      Damage    Failure   Level
 Foxfire                  Conj/Fire      100%       2x1d9     1%          1
 Magic Dart               Conj           100%       1d8       1%          1
 Slow                     Hex            100%       N/A       1%          1
 Jinxbite                 Hex            100%       N/A       1%          2
 Sigil of Binding         Hex            62%        N/A       1%          3
 Tukima's Dance           Hex            62%        N/A       1%          3
 Brom's Barrelling Bould  Conj/Erth      58%        2d7       1%          4
 Yara's Violent Unravell  Hex/Alch       32%        3d13      1%          5
 Hailstorm                Conj/Ice       32%        3d8       4%          3
 Freeze                   Ice            40%        1d6       12%         1
 Blink                    Tloc           20%        N/A       17%         2
 Call Imp                 Summ           20%        N/A       17%         2
 Sublimation of Blood     Necr           10%        N/A       17%         2
 Frozen Ramparts          Ice            20%        1d4       34%         3
 Vampiric Draining        Necr           10%        2d6       34%         3
 Starburst                Conj/Fire      16%        6d6       91%         6
 Plasma Beam              Fire/Air       5%         2x1d15    100%        6
 Enfeeble                 Hex            31%        N/A       30%         7


Dungeon Overview and Level Annotations

Branches:
Dungeon (1/1)

Altars:
Cheibriados
Dithmenos
Elyvilon
Fedhas
Gozag
Hepliaklqana
Kikubaaqudgha
Makhleb
Nemelex Xobeh
Okawaru
Qazlal
Ru
Sif Muna
Trog
Uskayaw
Vehumet
Wu Jian
Xom
Yredelemnul
Zin
The Shining One
Jiyva
Lugonu

Shops:
D !!:?(!:[([!=(*=((=(:

Annotations:
D exclusion: oklob plant, Lernaean hydra


Innate Abilities, Weirdness & Mutations

You are very small and have problems with some larger weapons.
You are too small for most types of armour.
You have supernaturally acute eyesight. (SInv)
You cover ground extremely quickly. (Speed+++)


Message History

The 27-headed Lernaean hydra is almost dead.
The 27-headed Lernaean hydra misses you.
The 27-headed Lernaean hydra bites you but does no damage.
The 27-headed Lernaean hydra bites you. The 27-headed Lernaean hydra bites you!
The 27-headed Lernaean hydra bites you.
You emit a cloud of dark smoke.
The 27-headed Lernaean hydra bites you but does no damage. x2
The 27-headed Lernaean hydra misses you.
The 27-headed Lernaean hydra bites you but does no damage.
The 27-headed Lernaean hydra misses you.
The 27-headed Lernaean hydra bites you.
The 27-headed Lernaean hydra bites you but does no damage.
The 27-headed Lernaean hydra bites you.
You emit a cloud of dark smoke.
The 27-headed Lernaean hydra completely misses you. x2
The 27-headed Lernaean hydra bites you but does no damage. x3
The 27-headed Lernaean hydra misses you.
The 27-headed Lernaean hydra completely misses you.
The 27-headed Lernaean hydra bites you! The 27-headed Lernaean hydra bites you.
The 27-headed Lernaean hydra bites you! The 27-headed Lernaean hydra bites you.
* * * LOW HITPOINT WARNING * * *
The 27-headed Lernaean hydra completely misses you.
The 27-headed Lernaean hydra bites you.
* * * LOW HITPOINT WARNING * * *
The 27-headed Lernaean hydra bites you but does no damage.
Unknown command.
Okay, then.
Okay, then.
Casting: Passwall (safe; 1% risk of failure)
Confirm with . or Enter, or press ? or * to list all spells.
You erupt in a fountain of uncontrolled magic!
The 27-headed Lernaean hydra is blasted with magical radiation!!
The 27-headed Lernaean hydra is almost dead.
The 27-headed Lernaean hydra twists and deforms.
You are very lightly contaminated with residual magic.
The 27-headed Lernaean hydra bites you but does no damage.
The 27-headed Lernaean hydra bites you.
* * * LOW HITPOINT WARNING * * *
You emit a cloud of dark smoke.
The 27-headed Lernaean hydra bites you.
* * * LOW HITPOINT WARNING * * *
The 27-headed Lernaean hydra bites you!
You die...

#$.!#!##≈ ~~##+#
#?$Z###○≈ ~~ ~
##+###≈≈≈ + $##≈
≈≈≈≈° ### ≈°≈§≈ 9#+
≈≈≈≈ ##+### ≈°≈°
#§D§# ### ≈≈≈ ##@##
#∩####'# #§§§##
##^..^### #§§.'###
#∩..^....
#..)#..###########.
######)[[..))....#.
###################.
#)%.∩∩§...........^^
####################


You could see the 27-headed Lernaean hydra (misshapen) and a toenail golem
(dormant).

Vanquished Creatures
  A deep elf blademaster (D)
  A kraken (D)
  A deep elf master archer (D)
  2 sphinxes (D)
  Gastronok (D)
  Roxanne (D)
  A draconian shifter (D)
  Nessos (D)
  A dire elephant (D)
  A crystal guardian (D)
  An ice dragon (D)
  2 boulder beetles (D)
  2 hell hogs (D)
  Sonja (D)
  3 sixfirhies (D)
  2 death drakes (D)
  2 deep trolls (D)
  A harpy (D)
  3 orc sorcerers (D)
  A merfolk siren (D)
  An eye of devastation (D)
  A yaktaur (D)
  3 polar bears (D)
  A hornet (D)
  2 wyverns (D)
  2 redbacks (D)
  4 neqoxecs (D)
  Menkaure (D)
  2 swamp drakes (D)
  4 crocodiles (D)
  6 weeping skulls (D)
  4 electric eels (D)
  A jelly (D)
  4 orc priests (D)
  3 tentacles (D)
68 creatures vanquished.

Vanquished Creatures (others)
  A glowing orange brain (D)
  2 laughing skulls (D)
  45 tentacles (D)
48 creatures vanquished.

Grand Total: 116 creatures vanquished

Notes
Turn   | Place    | Note
-------+----------+-------------------------------------------
     0 | D        | Groucho the Spriggan Enchanter began the quest for the Orb.
     0 | D        | Reached XP level 1. HP: 9/9 MP: 5/5
     3 | D        | Noticed a merfolk siren
     6 | D        | Noticed a wyvern
     6 | D        | Noticed a wyvern
     9 | D        | Noticed a boulder beetle
     9 | D        | Noticed a boulder beetle
    12 | D        | Noticed a neqoxec
    17 | D        | Killed a neqoxec
    17 | D        | Noticed a neqoxec
    18 | D        | Reached skill level 5 in Dodging
    18 | D        | Reached skill level 5 in Spellcasting
    18 | D        | Reached skill level 5 in Hexes
    18 | D        | Reached XP level 2. HP: 16/16 MP: 6/9
    18 | D        | Reached XP level 3. HP: 20/20 MP: 6/10
    18 | D        | Reached XP level 4. HP: 24/24 MP: 7/12
    24 | D        | Killed a neqoxec
    25 | D        | Reached skill level 5 in Fighting
    25 | D        | Reached skill level 5 in Short Blades
    25 | D        | Reached XP level 5. HP: 24/30 MP: 5/13
    25 | D        | Noticed a neqoxec
    25 | D        | Noticed a neqoxec
    27 | D        | Killed a neqoxec
    28 | D        | Reached skill level 15 in Stealth
    28 | D        | Reached XP level 6. HP: 29/35 MP: 5/14
    29 | D        | Killed a neqoxec
    41 | D        | Killed a merfolk siren
    42 | D        | Reached skill level 10 in Hexes
    42 | D        | Reached XP level 7. HP: 34/39 MP: 6/15
    53 | D        | Killed a wyvern
    54 | D        | Reached skill level 10 in Short Blades
    56 | D        | Killed a wyvern
    57 | D        | Reached XP level 8. HP: 39/43 MP: 7/16
   218 | D        | Learned a level 2 spell: Ensorcelled Hibernation
   222 | D        | Learned a level 3 spell: Confusing Touch
   227 | D        | Killed a boulder beetle
   244 | D        | Killed a boulder beetle
   245 | D        | Reached XP level 9. HP: 50/50 MP: 9/21
   254 | D        | Learned a level 3 spell: Dazzling Flash
   254 | D        | Found Ydoamuyg's Weapon Shoppe.
   254 | D        | Found Biosiug's Antique Weapon Shoppe.
   254 | D        | Found Ymeddig's Jewellery Emporium.
   254 | D        | Found Gelont's Weapon Shoppe.
   254 | D        | Found Xyngitz's General Store.
   255 | D        | Found Sebia's Distillery.
   255 | D        | Found Sase's Antique Armour Emporium.
   256 | D        | Found Suibreb's Antique Armour Shoppe.
   256 | D        | Found Tisuug's Jewellery Emporium.
   256 | D        | Found Huheu's Book Emporium.
   256 | D        | Noticed Menkaure
   290 | D        | Killed Menkaure
   293 | D        | Found Jit Xoduf's Antique Weapon Shoppe.
   293 | D        | Found Toveg's Magic Scroll Emporium.
   293 | D        | Noticed an oklob plant
   294 | D        | Found Genejaf's Distillery.
   294 | D        | Found Ijyizoux's Distillery.
   294 | D        | Found Qisiv's Book Shoppe.
   419 | D        | Noticed an unseen horror
   422 | D        | Noticed an unseen horror
   437 | D        | Bought a book of Geomancy for 300 gold pieces
   437 | D        | Bought a book of Transmutation for 280 gold pieces
   439 | D        | Learned a level 1 spell: Sandblast
   443 | D        | Learned a level 3 spell: Stone Arrow
   448 | D        | Learned a level 4 spell: Petrify
   454 | D        | Learned a level 5 spell: Irradiate
   477 | D        | Found a snail-covered altar of Cheibriados.
   478 | D        | Found a shadowy altar of Dithmenos.
   479 | D        | Found a white marble altar of Elyvilon.
   479 | D        | Found an ancient bone altar of Kikubaaqudgha.
   479 | D        | Found a viscous altar of Jiyva.
   480 | D        | Found a blossoming altar of Fedhas.
   480 | D        | Found a corrupted altar of Lugonu.
   480 | D        | Found a shimmering blue altar of Sif Muna.
   482 | D        | Found a hazy altar of Hepliaklqana.
   482 | D        | Found a sacrificial altar of Ru.
   487 | D        | Learned a level 3 spell: Passwall
   488 | D        | Found a stormy altar of Qazlal.
   490 | D        | Noticed a polar bear
   493 | D        | Found an ornate altar of the Wu Jian Council.
   494 | D        | Found a bloodstained altar of Trog.
   494 | D        | Found a shimmering altar of Xom.
   494 | D        | Found a burning altar of Makhleb.
   494 | D        | Found an opulent altar of Gozag.
   499 | D        | Found a glowing silver altar of Zin.
   499 | D        | Found a basalt altar of Yredelemnul.
   499 | D        | Found a hide-covered altar of Uskayaw.
   499 | D        | Found a radiant altar of Vehumet.
   499 | D        | Found a glowing golden altar of the Shining One.
   499 | D        | Found a sparkling altar of Nemelex Xobeh.
   499 | D        | Found an iron altar of Okawaru.
   502 | D        | Became a worshipper of Dithmenos the Shadowed
   726 | D        | Bought a ring of flight for 210 gold pieces
   987 | D        | Noticed a yaktaur
   988 | D        | Noticed a polar bear
   988 | D        | Noticed a polar bear
   989 | D        | Killed a polar bear
   990 | D        | Reached skill level 1 in Earth Magic
   990 | D        | Reached skill level 2 in Alchemy
   996 | D        | Reached skill level 1 in Conjurations
   996 | D        | Reached skill level 3 in Alchemy
  1005 | D        | Killed a polar bear
  1005 | D        | Reached * piety under Dithmenos
  1006 | D        | Reached skill level 4 in Alchemy
  1016 | D        | Killed a polar bear
  1019 | D        | Killed a yaktaur
  1020 | D        | Reached skill level 10 in Dodging
  1020 | D        | Reached skill level 5 in Alchemy
  1244 | D        | Noticed a death drake
  1248 | D        | Noticed an ice dragon
  1251 | D        | Killed an ice dragon
  1251 | D        | Reached ** piety under Dithmenos
  1252 | D        | Reached skill level 5 in Earth Magic
  1252 | D        | Reached skill level 6 in Alchemy
  1252 | D        | Reached XP level 10. HP: 55/55 MP: 24/24
  1263 | D        | Noticed a deep elf master archer
  1269 | D        | Killed a deep elf master archer
  1270 | D        | Reached skill level 8 in Alchemy
  1280 | D        | Reached skill level 9 in Alchemy
  1292 | D        | Noticed a hell hog
  1292 | D        | Noticed a hell hog
  1294 | D        | Killed a hell hog
  1294 | D        | Reached *** piety under Dithmenos
  1296 | D        | Killed a hell hog
  1297 | D        | Reached skill level 10 in Alchemy
  1304 | D        | Noticed a death drake
  1304 | D        | Noticed a crystal guardian
  1307 | D        | Killed a crystal guardian
  1307 | D        | Reached **** piety under Dithmenos
  1308 | D        | Reached skill level 5 in Conjurations
  1308 | D        | Reached skill level 11 in Alchemy
  1308 | D        | Killed a death drake
  1309 | D        | Reached XP level 11. HP: 58/58 MP: 25/25
  1311 | D        | Killed a death drake
  1312 | D        | Reached skill level 10 in Earth Magic
  1331 | D        | Noticed a kraken
  1667 | D        | Found the +7 hand cannon "Mule" {flame, backblast, rF+}
  1823 | D        | Killed a kraken
  1824 | D        | Reached skill level 12 in Alchemy
  2122 | D        | Reached ***** piety under Dithmenos
  2275 | D        | Noticed a deep troll
  2276 | D        | Noticed a deep troll
  2278 | D        | Killed a deep troll
  2279 | D        | Reached skill level 13 in Alchemy
  2279 | D        | Killed a deep troll
  2310 | D        | Noticed a sphinx
  2310 | D        | Noticed a sphinx
  2313 | D        | Killed a sphinx
  2314 | D        | Killed a sphinx
  2315 | D        | Reached skill level 14 in Alchemy
  2360 | D        | Noticed a sixfirhy
  2365 | D        | Noticed a sixfirhy
  2780 | D        | Noticed a hellephant
  2780 | D        | Noticed a purple draconian shifter
  2780 | D        | Noticed Sonja
  2796 | D        | Noticed a glowing orange brain
  3138 | D        | Killed Sonja
  3140 | D        | HP: 1/58 [purple draconian shifter/bolt of dispelling
                  | energy (28)]
  3141 | D        | Killed a purple draconian shifter
  3374 | D        | Noticed a harpy
  3382 | D        | Reached ****** piety under Dithmenos
  3617 | D        | Noticed a deep elf blademaster
  3619 | D        | Killed a harpy
  3620 | D        | Reached skill level 15 in Alchemy
  3621 | D        | Reached XP level 12. HP: 63/63 MP: 26/26
  3623 | D        | Killed a deep elf blademaster
  3991 | D        | Noticed Roxanne
  4009 | D        | Killed Roxanne
  4292 | D        | Found the +8 pair of quick blades "Gyre" and "Gimble"
                  | {protect}
  4294 | D        | Identified the amulet of Light {rElec rPois Will- Regen+
                  | SInv}
  4667 | D        | Noticed a dire elephant
  4691 | D        | Killed a dire elephant
  4692 | D        | Reached skill level 16 in Alchemy
  4951 | D        | Reached skill level 10 in Conjurations
  4955 | D        | Identified the ring "Wommikis" {rF+ rC+}
  4961 | D        | Identified the +9 halberd of Jicrur {drain, Will+++ Str+2
                  | Int-2 Stlth+}
  4980 | D        | Identified the +0 troll leather armour "Ecoaz" {*Slow +Inv
                  | Regen+ Str-4 Dex+7}
  4991 | D        | Identified the ring of the Briny Deep {*Slow rF+ Will+
                  | Dex+6}
  5010 | D        | Identified the +10 pearl dragon scales of Vehumet's Hope
                  | {rN+ Dex+5}
  5241 | D        | Noticed Gastronok
  5245 | D        | Killed Gastronok
  5246 | D        | Reached skill level 1 in Armour
  5588 | D        | Found Ycofotog's Book Shoppe.
  5590 | D        | Found Otir's Weapon Boutique.
  5630 | D        | Found Kusap's Distillery.
  5651 | D        | Bought a potion of invisibility for 104 gold pieces
  5903 | D        | Found Goikac's Jewellery Emporium.
  5907 | D        | Found Aculufei's Weapon Boutique.
  5908 | D        | Noticed Nessos
  5914 | D        | Killed Nessos
  5941 | D        | Noticed the 27-headed Lernaean hydra
  5944 | D        | Slain by the 27-headed Lernaean hydra

Illustrated notes

Levels and vault maps discovered:
D:        the_violet_keep_of_menkaure [sprint2_stairs_cluster_1,
          sprint2_shoproom, sprint2_temple, sprint2_basic_supplies,
          sprint2_obstacle_1, sprint2_obstacle_7, sprint2_obstacle_4,
          sprint2_obstacle_2, sprint2_obstacle_6, sprint2_timed_cluster_1,
          sprint2_smallroom_cluster_1, sprint2_smallroom_final_cluster_1,
          sprint2_transparent_cluster_1, sprint2_second_timed_cluster_1,
          sprint2_sniper_area_1, sprint2_heavy_combat_area_1,
          sprint2_mutation_trap_area_1, sprint2_forest_area_1,
          sprint2_light_combat_area_1, sprint2_behind_water_1,
          sprint2_near_end_vault_1]

Skill      XL: |  1  2  3  4  5  6  7  8  9 10 11 12 |
---------------+-------------------------------------+-----
Fighting       | 3 5 7 |  7.5
Short Blades   | 4 5 9 10 | 10.6
Dodging        | 5 7 10 | 10.8
Stealth        | 8 12 15 | 15.0
Spellcasting   | 5 7 9 |  9.7
Hexes          | 5 10 11 14 | 14.0
Earth Magic    | 5 9 12 14 | 14.2
Alchemy        | 6 11 15 16 | 16.7
Conjurations   | 3 5 8 10 | 10.3
Armour         | 2 |  2.2

Action                     |  1- 3 |  4- 6 |  7- 9 | 10-12 || total
---------------------------+-------+-------+-------+-------++-------
  Melee: Dagger            |     3 |     9 |    31 |    33 ||    76
         Pair of quick bla |       |       |       |    10 ||    10
   Cast: Ensorcelled Hiber |       |       |    10 |     7 ||    17
         Confusing Touch   |       |       |     3 |     2 ||     5
         Passwall          |       |       |     2 |     3 ||     5
         Stone Arrow       |       |       |       |    81 ||    81
         Irradiate         |       |       |       |    18 ||    18
         Petrify           |       |       |       |     4 ||     4
    Use: Potion            |     2 |       |     3 |     6 ||    11
         Scroll            |       |       |       |     2 ||     2
   Stab: Invisible         |     1 |     2 |       |     1 ||     4
         Sleeping          |     1 |     3 |     9 |    28 ||    41
         Confused          |       |       |     5 |     1 ||     6
 Armour: Robe              |       |       |    18 |     9 ||    27
         Troll leather arm |       |       |       |    44 ||    44
  Dodge: Dodged            |     1 |     1 |    24 |    49 ||    75
